 Dungeon Crawl Stone Soup version 0.31-a0-4-gefa6de2278 (webtiles) character file.

Game seed: 817402928162808561

99 Dordric the Grasshopper (level 4, -2/34 HPs)
             Began as a Barachi Warper on Apr 26, 2023.
             Slain by a gnoll
             ... wielding a +0 flail
              (11 damage)
             ... on level 3 of the Dungeon on May 3, 2023.
             The game lasted 00:04:23 (1760 turns).

Dordric the Grasshopper (Barachi Warper)            Turns: 1760, Time: 00:04:24

Health: -2/34      AC:  4    Str: 12    XL:     4   Next: 72%
Magic:  7/7        EV: 11    Int: 13    God:
Gold:   110        SH:  3    Dex: 14    Spells: 1/7 levels left

rFire   . . .        a - +0 falchion
rCold   . . .        l - +0 buckler
rNeg    . . .        b - +0 leather armour
rPois   .            m - +0 helmet
rElec   .            (no cloak)
rCorr   .            (no gloves)
SInv    .            (no boots)
Will    .....        p - amulet of the acrobat
Stlth   +            (no ring)
HPRegen 0.25/turn    (no ring)
MPRegen 0.10/turn

%: acrobat
@: slow
A: amphibious, slowness 1, strong legs 1, +LOS
a: Hop


You were on level 3 of the Dungeon.
You visited 1 branch of the dungeon, and saw 3 of its levels.

You collected 110 gold pieces.

Inventory:

Hand Weapons
 a - a +0 falchion (weapon)
Missiles
 d - 7 boomerangs of dispersal (quivered)
Armour
 b - a +0 leather armour (worn)
 l - a +0 buckler (worn)
 m - a +0 helmet (worn)
Jewellery
 p - an amulet of the acrobat (around neck)
Scrolls
 c - 2 scrolls of blinking
 e - a scroll of poison {unknown}
 i - a scroll of identify {unknown}
 q - a scroll of summoning {unknown}
 r - a scroll of immolation {unknown}
 s - 2 scrolls of magic mapping
 t - a scroll of teleportation {unknown}
Potions
 f - 2 potions of attraction {unknown}
 g - 2 potions of degeneration {unknown}
 h - a potion of mutation {unknown}
 j - a potion of flight {unknown}
 k - a potion of resistance {unknown}
 n - a potion of invisibility {unknown}
 o - 2 potions of curing {unknown}


   Skills:
 - Level 2.4 Fighting
 + Level 4.4 Long Blades
 - Level 1.0 Throwing
 - Level 1.2 Armour
 - Level 2.1 Dodging
 - Level 2.1 Spellcasting
 + Level 4.7 Translocations


You had one spell level left.
You knew the following spells:

 Your Spells              Type           Power      Damage    Failure   Level
a - Blink                 Tloc           26%        N/A       10%         2
b - Manifold Assault      Tloc           13%        N/A       54%         4

Your spell library contained the following spells:

 Spells                   Type           Power      Damage    Failure   Level
 Beastly Appendage        Tmut           2%         N/A       43%         1
 Shock                    Conj/Air       4%         1d3       43%         1
 Lesser Beckoning         Tloc           26%        N/A       10%         2
 Teleport Other           Tloc           13%        N/A       21%         3
 Vhi's Electric Charge    Tloc/Air       14%        N/A       47%         3
 Wereblood                Tmut           1%         N/A       56%         2
 Spider Form              Tmut/Pois      1%         N/A       80%         3
 Swiftness                Air            1%         N/A       80%         3
 Airstrike                Air            0%         2d(1-17)  99%         4


Dungeon Overview and Level Annotations

Branches:
Dungeon (3/15)

Altars:
Qazlal


Innate Abilities, Weirdness & Mutations

You are amphibious.
You cover ground slowly.
You can hop short distances.
You have an extended range of vision and can be seen from far away.


Message History

You hit the gnoll.
You kill the gnoll!
You closely miss the frilled lizard. The frilled lizard closely misses you.
The frilled lizard barely misses you.
You hit the frilled lizard.
The frilled lizard is heavily wounded.
The frilled lizard barely misses you.
You hit the frilled lizard.
You kill the frilled lizard!
The gnoll attacks as you move away! The gnoll completely misses you.
The gnoll misses you. The gnoll attacks as you move away!
The gnoll completely misses you. The gnoll completely misses you.
The gnoll completely misses you. The gnoll attacks as you move away!
The gnoll completely misses you. x2
You closely miss the gnoll. The gnoll barely misses you.
You closely miss the gnoll. The gnoll barely misses you.
You hit the gnoll.
The gnoll is moderately wounded.
The gnoll closely misses you.
You barely miss the gnoll.
The gnoll is moderately wounded.
The gnoll hits you with a +0 whip.
You hit the gnoll.
The gnoll is heavily wounded.
The gnoll hits you with a +0 whip.
You barely miss the gnoll.
The gnoll is heavily wounded.
The gnoll misses you. The gnoll hits you with a +0 whip.
* * * LOW HITPOINT WARNING * * *
You hit the gnoll.
The gnoll is almost dead.
The gnoll barely misses you.
You hit the gnoll.
You kill the gnoll!
You hit the gnoll.
The gnoll is moderately wounded.
You are ready to hop once more.
The gnoll hits you with a +0 flail!
You die...

########.#....# #.....#### #..
.........#....# #........# ###
.#########....####........#
......)..[.........##..(..#
##########....#######.....#######
#....##...g.............
###....##.####.....#######
#......##g# #.....# #.##...##@#
#.....# ###.###.###.####.....#
#.............##.#####
##..#####.....##.#
#..8#...###..##.#
#####......####.# #...#..###..#
#.# #......# .# #.# ##'##..# #
#.#


You could see a gnoll.

Vanquished Creatures
  2 gnolls (D:3)
  2 adders (D:2)
  A worm (D:3)
  A dart slug (D:2)
  4 orcs (D:3)
  6 ball pythons
  8 bats
  4 endoplasms
  2 giant cockroaches (D:2)
  3 goblins (D:1)
  6 hobgoblins
  2 kobolds
  3 quokkas
  3 frilled lizards
  2 rats (D:2)
49 creatures vanquished.

Notes
Turn   | Place    | Note
-------+----------+-------------------------------------------
     0 | D:1      | Dordric the Barachi Warper began the quest for the Orb.
     0 | D:1      | Reached XP level 1. HP: 17/17 MP: 3/3
   153 | D:1      | Reached XP level 2. HP: 11/23 MP: 5/5
   422 | D:1      | Upgraded the game from 0.30-a0-1160-g6e42c06551 to
                  | 0.31-a0-4-gefa6de2278
   525 | D:1      | Learned a level 2 spell: Blink
   840 | D:2      | Found a stormy altar of Qazlal.
   882 | D:2      | Reached XP level 3. HP: 28/28 MP: 6/6
  1264 | D:2      | Reached XP level 4. HP: 34/34 MP: 7/7
  1677 | D:3      | Learned a level 4 spell: Manifold Assault
  1760 | D:3      | Slain by a gnoll

Illustrated notes

Levels and vault maps discovered:
D:1:      scummos_arrival_forest, layout_loops_cross, minmay_misc_feat_chi
D:2:      minmay_chambers_of_twos, layout_rooms, basic_altar,
          minmay_pentomino_p4
D:3:      layout_basic, shapermc_ecumenical_altar_mp_vishouse

Skill      XL: |  1  2  3  4 |
---------------+-------------+-----
Long Blades    | 3 4 |  4.4
Translocations | 4 |  4.7
Fighting       | |  2.4
Throwing       | |  1.0
Armour         | |  1.2
Dodging        | |  2.1
Spellcasting   | |  2.1

Action                     |  1- 3 |  4- 6 || total
---------------------------+-------+-------++-------
  Melee: Falchion          |   125 |    54 ||   179
Ability: Hop               |       |     1 ||     1
    Use: Scroll            |       |     1 ||     1
 Armour: Leather armour    |    52 |    11 ||    63
  Dodge: Dodged            |    97 |    51 ||   148
  Block: Buckler           |    16 |     9 ||    25

Table legend: (Time is in decaauts)
 A = Elapsed time spent in this place.
 B = Non-inter-level travel time spent in this place.
 C = Inter-level travel time spent in this place.
 D = Time resting spent in this place.
 E = Time spent auto-exploring this place.
 F = Levels seen in this place.
 G = Mean time per level.
                   A        B        C        D        E       F      G
               +--------+--------+--------+--------+--------+-----+--------+
         Total |   2037 |   2004 |     33 |      0 |   1459 |   3 |  679.0 |
       Dungeon |   2037 |   2004 |     33 |      0 |   1459 |   3 |  679.0 |
               +--------+--------+--------+--------+--------+-----+--------+

Top non-repeatable levels by time:
     D:1: 831 daAuts
     D:2: 674 daAuts
     D:3: 531 daAuts
